 Dungeon Sprint DCSS version 0.28.0 (webtiles) character file.

Game seed: 1877026736797665788

2620 boopmooplesden the Protected (level 9, -8/93 HPs)
             Began as a Minotaur Fighter on Feb 16, 2022.
             Was a Follower of Okawaru.
             Mangled by a tentacle (24 damage)
             ... attached to a kraken
             ... in the Dungeon (Sprint II: "The Violet Keep of Menkaure").
             The game lasted 00:04:40 (1894 turns).

boopmooplesden the Protected (Minotaur Fighter)     Turns: 1894, Time: 00:04:40

Health: -8/93      AC: 16    Str: 29    XL:     9   Next: 34%
Magic:  7/8        EV: 12    Int:  5    God:    Okawaru [*.....]
Gold:   636        SH:  7    Dex: 12    Spells: 8/8 levels left

rFire   + . .      SeeInvis .   m - +0 demon trident of Qazlal's Approval {venom, Will+ Str+2}
rCold   . . .      Faith    .   c - +0 buckler
rNeg    . . .      Spirit   .   k - +3 scale mail "Cinextiq" {rPois Str+4}
rPois   +          Reflect  .   (helmet restricted)
rElec   .          Harm     +   v - scarf {harm}
rCorr   .          Rampage  .   i - +0 pair of gloves
Will    +....      NoTele   +   d - +1 pair of boots {Fly}
Stlth   ..........              (no amulet)
HPRegen 0.25/turn               y - ring of protection from fire
MPRegen 0.11/turn               (no ring)

@: flying
A: horns 2, retaliatory headbutt
a: Renounce Religion, Heroism


You were in the Dungeon.
You worshipped Okawaru.
Okawaru was aware of your devotion.
You visited 1 branch You collected 1198 gold pieces.
You spent 562 gold pieces at shops.

Inventory:

Hand Weapons
 a - a +0 long sword
 l - a +3 long sword
 m - the +0 demon trident of Qazlal's Approval (weapon) {venom, Will+ Str+2}
   (You found it in the Dungeon)

   It poisons the flesh of those it strikes.
   Str:       It affects your strength (+2).
   Will:      It increases your willpower.
Missiles
 n - 6 boomerangs (quivered)
Armour
 b - a +0 scale mail
 c - a +0 buckler (worn)
 d - a +1 pair of boots of flying (worn)
 i - a +0 pair of gloves (worn)
 k - the +3 scale mail "Cinextiq" (worn) {rPois Str+4}
   (You bought it in a shop in the Dungeon)

   Str:       It affects your strength (+4).
   rPois:     It protects you from poison.
 v - a scarf of harm (worn)
 A - a +0 plate armour
Jewellery
 u - a ring of fire
 y - a ring of protection from fire (left hand)
Scrolls
 f - a scroll of enchant weapon {unknown}
 j - a scroll of blinking
 o - 4 scrolls of vulnerability {unknown}
 p - a scroll of identify {unknown}
 r - a scroll of holy word {unknown}
 t - 2 scrolls of summoning {unknown}
 w - a scroll of immolation {unknown}
 z - a scroll of amnesia {unknown}
Potions
 e - 2 potions of curing
 g - 2 potions of haste
 h - 5 potions of magic
 q - 3 potions of resistance {unknown}
 s - a potion of might
 x - 3 potions of flight {unknown}


   Skills:
 + Level 13.0 Fighting
 + Level 12.4 Long Blades
 + Level 5.2 Polearms
 + Level 13.0 Armour
 + Level 4.9 Dodging
 + Level 0.3 Stealth
 + Level 12.7 Shields


You had 8 spell levels left.
You didn't know any spells.
Your spell library contained the following spells:

 Spells                   Type           Power      Damage    Failure   Level
 Corpse Rot               Necr/Air       0%         N/A       86%         2
 Ensorcelled Hibernation  Hex/Ice        0%         N/A       86%         2
 Passwall                 Tmut/Erth      0%         N/A       86%         2
 Swiftness                Air            0%         N/A       97%         3
 Airstrike                Air            0%         N/A       100%        4
 Dispel Undead            Necr           0%         3d6       100%        4
 Lightning Bolt           Conj/Air       0%         1d11      100%        5
 Summon Lightning Spire   Summ/Air       Unusable   N/A       N/A         4
 Death Channel            Necr           Unusable   N/A       N/A         6

Dungeon Overview and Level Annotations

Branches:
Dungeon (1/1)

Altars:
Cheibriados
Dithmenos
Elyvilon
Fedhas
Gozag
Hepliaklqana
Kikubaaqudgha
Makhleb
Nemelex Xobeh
Okawaru
Qazlal
Ru
Sif Muna
Trog
Uskayaw
Vehumet
Wu Jian
Xom
Yredelemnul
Zin
The Shining One
Beogh
Jiyva
Lugonu

Shops:
D ?*:=!*=:([(!*=[

Annotations:
D exclusions: obsidian statue and oklob plant


Innate Abilities, Weirdness & Mutations

You have a pair of horns on your head.
You reflexively headbutt those who attack you in melee.


Message History

You puncture the tentacle!
The tentacle looks as sick as possible!
Your headbutt misses the tentacle.
The tentacle is moderately wounded.
You block the tentacle's attack.
You impale the tentacle!!
The tentacle is almost dead.
You kill the tentacle!
You block the tentacle's attack.
Tentacles burst out of the water!
You block the tentacle's attack.
A tentacle segment comes into view.
You barely miss the tentacle segment.
You headbutt the tentacle segment, but do no damage.
The tentacle barely misses you.
A tentacle segment comes into view.
You hit the tentacle segment but do no damage.
The tentacle segment is poisoned.
You feel like a meek peon again. The tentacle slaps you!
You block the tentacle's attack.
A tentacle segment comes into view.
You puncture the tentacle segment!
The tentacle segment looks as sick as possible!
The tentacle segment is moderately wounded.
You block the tentacle's attack.
A tentacle segment comes into view.
You puncture the tentacle segment!
The tentacle segment is poisoned.
Your headbutt misses the tentacle segment.
The tentacle segment is severely wounded.
The tentacle slaps you!!
The kraken squirts a massive cloud of ink into the water!
The tentacle slaps you.
A tentacle segment comes into view.
You closely miss the tentacle segment.
The tentacle segment is almost dead.
The tentacle slaps you!
The kraken squirts a massive cloud of ink into the water!
The tentacle slaps you!
* * * LOW HITPOINT WARNING * * *
A tentacle segment comes into view.
The tentacle slaps you!!
You die...

#}|▓....[...▓▓
+.####|:▓(.....).▓▓
...####▓....(...▓▓ #..#
.#▓..[..[[.▓▓ +..#
.#▓.....[(.▓▓ #..#
.#▓((().[.)▓▓
####..##.#▓[[...(.)▓▓
..###...##▓▓▓▓▓▓▓w▓▓▓▓+▓
....≈≈≈≈≈≈≈≈≈≈§§@.──Xw≈▓
§§..≈#'########§###ww§≈▓
§≈..≈#.)_.....#§§≈##§§≈▓
≈≈≈.≈#._._....#≈§§≈####▓
≈≈≈≈§#_._._...#≈≈§§≈#
§§§≈≈#._._._..#≈≈§≈§§#
§≈≈≈≈#_._._._.#≈≈§§§§+
###≈≈#._._._._#≈§§§§≈#
#.#≈≈#_._._._.#≈§≈≈§


You could see a kraken and 4 tentacles.

Vanquished Creatures
  A merfolk siren (D)
  A yaktaur (D)
  3 polar bears (D)
  A hornet (D)
  A vampire mosquito (D)
  Menkaure (D)
  4 water moccasins (D)
  4 necrophages (D)
  4 scorpions (D)
  3 worms (D)
  3 tentacles (D)
26 creatures vanquished.

Vanquished Creatures (others)
  16 tentacles (D)
16 creatures vanquished.

Grand Total: 42 creatures vanquished

Notes
Turn   | Place    | Note
-------+----------+-------------------------------------------
     0 | D        | boopmooplesden the Minotaur Fighter began the quest for the
                  | Orb.
     0 | D        | Reached XP level 1. HP: 19/19 MP: 0/0
     1 | D        | Noticed a necrophage
     1 | D        | Noticed a necrophage
     1 | D        | Noticed a necrophage
     1 | D        | Noticed a necrophage
     4 | D        | Killed a necrophage
     5 | D        | Reached XP level 2. HP: 20/31 MP: 1/1
     5 | D        | Reached XP level 3. HP: 24/38 MP: 2/2
     5 | D        | Reached XP level 4. HP: 29/45 MP: 3/3
     8 | D        | Killed a necrophage
     9 | D        | Reached XP level 5. HP: 26/53 MP: 4/4
    12 | D        | Killed a necrophage
    13 | D        | Reached skill level 5 in Long Blades
    17 | D        | Killed a necrophage
    18 | D        | Reached XP level 6. HP: 29/64 MP: 5/5
   195 | D        | Reached skill level 10 in Armour
   198 | D        | Reached skill level 10 in Fighting
   198 | D        | Reached skill level 10 in Shields
   210 | D        | Reached XP level 7. HP: 44/73 MP: 6/6
   367 | D        | Noticed a merfolk siren
   380 | D        | Killed a merfolk siren
   381 | D        | Reached skill level 1 in Dodging
   397 | D        | Found Wast's Assorted Antiques.
   397 | D        | Found Nuamoe's Jewellery Shoppe.
   397 | D        | Found Diuhe's Antique Weapon Emporium.
   397 | D        | Found Heth's Book Shoppe.
   397 | D        | Found Ittaugg's Distillery.
   397 | D        | Found Seisof's Antique Weapon Shoppe.
   397 | D        | Found Udghun Xosa's Antique Armour Shoppe.
   398 | D        | Found Bepucvee's Jewellery Shoppe.
   398 | D        | Found Lokimo's Antique Armour Emporium.
   398 | D        | Found Osashin's Assorted Antiques.
   398 | D        | Noticed Menkaure
   416 | D        | Killed Menkaure
   417 | D        | Reached XP level 8. HP: 33/82 MP: 7/7
   654 | D        | Reached skill level 10 in Long Blades
   662 | D        | Found Nohugy's Distillery.
   662 | D        | Found Ampe's Jewellery Emporium.
   662 | D        | Noticed an oklob plant
   663 | D        | Found Lebuevu's Magic Scroll Emporium.
   663 | D        | Found Hustavvi's General Store.
   663 | D        | Found Hiurghets's Book Shoppe.
   665 | D        | Bought a pair of embroidered boots for 202 gold pieces
   665 | D        | Bought an ancient scale mail for 243 gold pieces
   665 | D        | Identified the +3 scale mail "Cinextiq" {rPois Str+4} (You
                  | bought it in a shop in the Dungeon)
   680 | D        | Noticed a polar bear
   683 | D        | Bought a runed long sword for 117 gold pieces
   685 | D        | Noticed a polar bear
   686 | D        | Noticed a slime creature
   686 | D        | Noticed a slime creature
   688 | D        | Noticed a slime creature
   925 | D        | Noticed an obsidian statue
   933 | D        | Noticed an orange crystal statue
   939 | D        | Identified the +0 demon trident of Qazlal's Approval
                  | {venom, Will+ Str+2}
   942 | D        | Found a shimmering altar of Xom.
   942 | D        | Found an ornate altar of the Wu Jian Council.
   942 | D        | Found a shimmering blue altar of Sif Muna.
   942 | D        | Found a sacrificial altar of Ru.
   942 | D        | Found an ancient bone altar of Kikubaaqudgha.
   942 | D        | Found a stormy altar of Qazlal.
   942 | D        | Found a viscous altar of Jiyva.
   942 | D        | Found a hazy altar of Hepliaklqana.
   942 | D        | Found a snail-covered altar of Cheibriados.
   943 | D        | Found a glowing silver altar of Zin.
   943 | D        | Found a glowing golden altar of the Shining One.
   943 | D        | Found a basalt altar of Yredelemnul.
   943 | D        | Found a hide-covered altar of Uskayaw.
   943 | D        | Found a bloodstained altar of Trog.
   943 | D        | Found a corrupted altar of Lugonu.
   943 | D        | Found a shadowy altar of Dithmenos.
   949 | D        | Noticed a polar bear
   950 | D        | Found a white marble altar of Elyvilon.
   950 | D        | Found a burning altar of Makhleb.
   950 | D        | Found a radiant altar of Vehumet.
   959 | D        | Killed a polar bear
   960 | D        | Reached skill level 1 in Polearms
   969 | D        | Found a blossoming altar of Fedhas.
   971 | D        | Found an opulent altar of Gozag.
   971 | D        | Found a sparkling altar of Nemelex Xobeh.
   971 | D        | Noticed a hornet
   971 | D        | Noticed a polar bear
   972 | D        | Found an iron altar of Okawaru.
   972 | D        | Noticed a yaktaur
   972 | D        | Noticed a polar bear
   980 | D        | Noticed a flying skull
   980 | D        | Noticed a flying skull
   981 | D        | Became a worshipper of Warmaster Okawaru
   992 | D        | Killed a yaktaur
   993 | D        | Killed a hornet
   996 | D        | Killed a polar bear
   997 | D        | Reached XP level 9. HP: 55/91 MP: 8/8
  1001 | D        | Killed a polar bear
  1237 | D        | Noticed a kraken
  1250 | D        | Reached * piety under Okawaru
  1262 | D        | Reached skill level 5 in Polearms
  1894 | D        | Mangled by a tentacle

Illustrated notes

Levels and vault maps discovered:
D:        the_violet_keep_of_menkaure [sprint2_stairs_cluster_1,
          sprint2_shoproom, sprint2_temple, sprint2_basic_supplies,
          sprint2_obstacle_3, sprint2_obstacle_4, sprint2_obstacle_6,
          sprint2_obstacle_7, sprint2_obstacle_2, sprint2_timed_cluster_1,
          sprint2_smallroom_cluster_1, sprint2_smallroom_final_cluster_1,
          sprint2_transparent_cluster_1, sprint2_second_timed_cluster_1,
          sprint2_sniper_area_1, sprint2_heavy_combat_area_1,
          sprint2_mutation_trap_area_1, sprint2_forest_area_1,
          sprint2_light_combat_area_1, sprint2_behind_water_1,
          sprint2_near_end_vault_1]

Skill      XL: |  1  2  3  4  5  6  7  8  9 |
---------------+----------------------------+-----
Fighting       | 6 8 9 10 11 12 13 | 13.0
Long Blades    | 3 4 6 7 9 11 12 | 12.4
Armour         | 6 8 9 10 11 12 13 | 13.0
Shields        | 6 8 9 10 11 12 | 12.7
Dodging        | 1 4 |  4.9
Polearms       | 3 5 |  5.2
Stealth        | |  0.3

Action                   |  1- 3 |  4- 6 |  7- 9 || total
-------------------------+-------+-------+-------++-------
Melee: Long sword        |     2 |    31 |    49 ||    82
       Headbutt          |       |     9 |    14 ||    23
       Demon trident     |       |       |    60 ||    60
Invok: Heroism           |       |       |     1 ||     1
  Use: Potion            |     1 |       |     2 ||     3
Armor: Scale mail        |       |     9 |    43 ||    52
Dodge: Dodged            |       |     9 |    47 ||    56
Block: Buckler           |       |    10 |    45 ||    55
